 Dungeon Crawl Stone Soup version 0.25-a0-265-g7af84ae0ac (webtiles) character file.

Game seed: 5823952755240238566, levelgen mode: deterministic

57 night the Skirmisher (level 3, 0/30 HPs)
             Began as a Demonspawn Monk on Dec 8, 2019.
             Slain by Sigmund
             ... wielding a +0 scythe
              (2 damage)
             ... on level 2 of the Dungeon.
             The game lasted 00:03:30 (1236 turns).

night the Skirmisher (Demonspawn Monk)              Turns: 1236, Time: 00:03:31

Health: 0/30       AC:  7    Str: 11    XL:     3   Next: 73%
Magic:  3/3        EV:  9    Int: 12    God:
Gold:   68         SH:  0    Dex: 15    Spells: 2/2 levels left

rFire    . . .     SeeInvis .     - Unarmed
rCold    . . .     Gourm    .   (no shield)
rNeg     . . .     Faith    .   j - +0 scale mail
rPois    .         Spirit   .   (helmet restricted)
rElec    .         Reflect  .   c - +0 cloak
rCorr    .         Harm     .   (no gloves)
MR       .....                  (no boots)
Stlth    ..........             (no amulet)
HPRegen  0.10/turn              (no ring)
MPRegen  0.08/turn              (no ring)

@: confused
A: antennae 2
a: no special abilities


You were on level 2 of the Dungeon.
You were not hungry.

You visited 1 branch of the dungeon, and saw 2 of its levels.

You collected 68 gold pieces.

Inventory:

Missiles
 i - 30 bolts
Armour
 a - a +0 robe
 c - a +0 cloak (worn)
 j - a +0 scale mail (worn)
Scrolls
 d - 2 scrolls of enchant armour {unknown}
 g - 2 scrolls of identify {unknown}
 k - a scroll of teleportation {unknown}
 l - a scroll of blinking {unknown}
Potions
 e - a potion of invisibility {unknown}
 h - a potion of degeneration {unknown}
Comestibles
 b - 3 rations
 f - 3 chunks of flesh


   Skills:
 + Level 3.9 Fighting
 - Level 2.6 Dodging
 - Level 1.7 Stealth
 + Level 3.5 Unarmed Combat


You had 2 spell levels left.
You didn't know any spells.
Your spell library was empty.

Dungeon Overview and Level Annotations

Branches:
Dungeon (2/15)

Altars:

Annotations:
D:2 Sigmund


Innate Abilities, Weirdness & Mutations

You have a pair of antennae on your head.


Message History

The puff of flame hits you!
* * * LOW HITPOINT WARNING * * *
Sigmund gestures at you while chanting. The puff of flame hits you!
* * * LOW HITPOINT WARNING * * *
Sigmund mumbles some strange words.
Sigmund flickers and vanishes!
Deactivating autopickup; reactivate with Ctrl-A.
Some of the chunks of flesh in your inventory have rotted away.
There is a stone staircase leading down here.
You are confused.
You're too confused to move!
You bump into the rock wall.
You feel less confused.
You are confused.
There is a stone staircase leading up here.
In your confused state, you trip and fall back down the stairs.
* * * LOW HITPOINT WARNING * * *
Something hits you.
You die...

{ ### ########### #.#
#.......#.## ##### #.#
#.#####.#..###...####.#
#.##.....>..........#.#
#.##.##.#..###{.@##.#.#
.....##.#........##.#.#
........#.............#
...#.##############.###
.#.#.# #.# ###..#
######### #.# # ##.#
#.......# #.# ###{.#
#.......# #.#
.#{#.###.......# #.#


There were no monsters in sight!

Vanquished Creatures
  An adder (D:2)
  An ooze (D:2)
  3 dart slugs (D:1)
  2 leopard geckos (D:1)
  3 bats
  8 goblins (D:1)
  3 hobgoblins (D:1)
  3 jackals (D:1)
  3 kobolds
  A ball python (D:2)
  4 frilled lizards
  2 rats (D:1)
34 creatures vanquished.

Notes
Turn   | Place    | Note
-------+----------+-------------------------------------------
     0 | D:1      | night the Demonspawn Monk began the quest for the Orb.
     0 | D:1      | Reached XP level 1. HP: 18/18 MP: 1/1
    78 | D:1      | Gained mutation: You have a pair of small antennae on your
                  | head. [demonic ancestry]
    78 | D:1      | Reached XP level 2. HP: 22/24 MP: 2/2
   597 | D:1      | Gained mutation: You have a pair of antennae on your head.
                  | [demonic ancestry]
   597 | D:1      | Reached XP level 3. HP: 29/29 MP: 3/3
  1181 | D:2      | Noticed Sigmund
  1211 | D:2      | HP: 1/30 [Sigmund/puff of flame (10)]
  1236 | D:2      | Slain by Sigmund

Levels and vault maps discovered:
D:1:      grunt_arrival_lava_bath, layout_rooms
D:2:      layout_loops_cross, zin_purify, first_ration, uniq_sigmund,
          uniq_crazy_yiuf_cottage

Skill      XL: |  1 |
---------------+----+-----
Unarmed Combat | 3 |  3.5
Fighting       | |  3.9
Dodging        | |  2.6
Stealth        | |  1.7

Action                   || total
-------------------------++-------
Melee: Unarmed           ||   118
       Punch             ||     1
 Stab: Sleeping          ||     1
  Eat: Chunk             ||     1
Armor: Robe              ||     9
       Scale mail        ||    21
Dodge: Dodged            ||    73

Table legend:
 A = Non-vault XP
 B = Vault XP
 C = Vault XP percentage of total XP
 D = Non-vault monster count
 E = Vault monster count
 F = Vault count percentage of total count
                 A         B        C        D         E       F
            +---------+---------+-------+---------+---------+-------
      Total |      82 |       0 |   0.0 |      34 |       0 |   0.0
            +---------+---------+-------+---------+---------+-------
        D:1 |      55 |       0 |   0.0 |      27 |       0 |   0.0
        D:2 |      27 |       0 |   0.0 |       7 |       0 |   0.0
            +---------+---------+-------+---------+---------+-------
